 Dungeon Crawl Stone Soup version 0.31-a0-164-g2312942fda (webtiles) character file.

Game seed: 9600617564473107413

31179 qw the Cleaver (level 13, -10/82 HPs)
             Began as a Gargoyle Fighter on June 13, 2023.
             Was an Elder of Okawaru.
             Killed from afar by a fire dragon (42 damage)
             ... with a blast of flame
             ... on level 4 of the Lair of Beasts.
             The game lasted 00:05:07 (10388 turns).

qw the Cleaver (Gargoyle Fighter)                  Turns: 10388, Time: 00:05:08

Health: -10/82     AC: 35    Str: 25    XL:     13   Next: 56%
Magic:  21/21      EV: 16    Int:  9    God:    Okawaru [****..]
Gold:   520        SH: 12    Dex: 15    Spells: 12/12 levels left

rFire   . . .        Y - +0 war axe (chaos)
rCold   . . .        c - +0 buckler
rNeg    + . .        v - +0 plate armour
rPois   inf          o - +2 helmet
rElec   +            (no cloak)
rCorr   .            u - +1 pair of gloves
SInv    .            q - +2 pair of boots
Will    +....        s - amulet of reflection Stlth
                     e - +5 ring of evasion
HPRegen 0.33/turn    b - ring "Kiczuxont" {Drain Will+ Dex+6}
MPRegen 0.17/turn

%: reflection
@: heroic, frozen, very slow
A: sickness immunity, AC +9, negative energy resistance 1, electricity
resistance, torment resistance 1, petrification resistance
a: Renounce Religion, Heroism, Finesse


You were on level 4 of the Lair of Beasts.
You worshipped Okawaru.
Okawaru was greatly pleased with you.
You visited 3 branches of the dungeon, and saw 13 of its levels.
You also visited: Gauntlet.

You collected 924 gold pieces.
You spent 404 gold pieces at shops.


Innate Abilities, Weirdness & Mutations

You are immune to sickness and miasma.
Your stone body is resilient. (AC +9)
You are immune to poison.
You resist negative energy. (rN+)
You are resistant to electric shocks. (rElec)
You are resistant to unholy torment.
You are immune to petrification.


   Skills:
 - Level 10.0(15.0) Fighting
 + Level 12.8(17.8) Axes
 - Level 5.0(10.0) Throwing
 - Level 9.0(14.0) Armour
 - Level 3.0(8.0) Dodging
 - Level 6.0(11.0) Shields
 - Level 11.5 Invocations


You had 12 spell levels left.
You didn't know any spells.
Your spell library was empty.

Inventory:

Hand Weapons
 h - a +0 flail
 i - a +5 hand axe of freezing
 x - a +0 demon whip of venom
 Y - a +0 war axe of chaos (weapon)
Missiles
 j - 10 javelins
 m - 6 boomerangs
 t - 5 silver javelins (quivered)
 y - 2 boomerangs of dispersal
Armour
 c - a +0 buckler (worn)
 o - a +2 helmet (worn)
 q - a +2 pair of boots (worn)
 u - a +1 pair of gloves (worn)
 v - a +0 plate armour (worn)
Jewellery
 b - the ring "Kiczuxont" (right hand) {Drain Will+ Dex+6}
   (You acquired it on level 7 of the Dungeon)

   [ring of willpower]

   Dex:       It affects your dexterity (+6).
   Drain:     It drains your maximum health when unequipped.
   Will:      It increases your willpower.
 e - a +5 ring of evasion (left hand)
 p - a ring of resist corrosion
 s - an amulet of reflection (around neck)
 A - a ring of fire
 C - a ring of protection from fire
 D - a ring of ice
Wands
 a - a wand of digging (6)
Scrolls
 g - 5 scrolls of teleportation
 l - 11 scrolls of identify
Potions
 d - 3 potions of might
 f - 4 potions of lignification
 k - a potion of magic
 n - a potion of cancellation
 w - 2 potions of attraction
 z - a potion of haste
 B - 5 potions of curing

Dungeon Overview and Level Annotations

Branches:
Dungeon (8/15)             Temple (1/1) D:4            Lair (4/5) D:8
 Shoals (0/4) Lair:3        Snake (0/4) Lair:3      Gauntlet (visited)
  Slime: Lair:4-5

Altars:
Ashenzari
Cheibriados
Dithmenos
Elyvilon
Fedhas
Gozag
Hepliaklqana
Kikubaaqudgha
Makhleb
Nemelex Xobeh
Okawaru
Qazlal
Ru
Sif Muna
Trog
Uskayaw
Wu Jian
Xom
Yredelemnul
Zin
The Shining One

Shops:
D:5 =   D:6 ??


Message History

The rime drake suddenly seems more agile.
You are engulfed in a cloud of scalding steam.
You block the steam dragon's attack.
The steam dragon claws you but does no damage.
The steam dragon closely misses you. The steam dragon barely misses you.
A steam dragon comes into view.
The rime drake is engulfed in a cloud of scalding steam.
The rime drake misses you.
The steam dragon hisses angrily.
You hit the steam dragon.
The steam dragon is poisoned.
The steam dragon is almost dead.
You slash the rime drake!
You hit the steam dragon but do no damage.
The rime drake is engulfed in a cloud of scalding steam.
The steam dragon barely misses you.
The steam dragon claws you but does no damage.
You closely miss the steam dragon.
The steam dragon is almost dead.
You hit the rime drake. You barely miss the fire dragon.
The rime drake breathes ice at you.
The icy flash freeze hits you but does no damage.
You are encased in ice.
You block the rime drake's attack. The steam dragon closely misses you.
The steam dragon barely misses you.
You hit the steam dragon. You freeze the steam dragon.
You kill the steam dragon!
Okawaru accepts your kill.
The steam dragon scales are intact enough to wear.
You slash the fire dragon! You freeze the fire dragon.
You slash the rime drake! You drain the rime drake.
You block the rime drake's attack.
You hit the rime drake but do no damage.
The rime drake is almost dead.
You slash the rime drake! You freeze the rime drake.
You hit the fire dragon but do no damage.
The fire dragon seems to speed up.
The fire dragon breathes flames at you. The blast of flame hits you!!!
Ouch! That really hurt!
You die...

#..###..# ..#
......... ..#
.$....... ..##
........##...#
............###
..............###
#.......#k[....~#
#......<.@k...~#
#........#D...##
........#....##
#.>.....##...#
......... ....#
......... ...D~#
.###..P.#..$..~.#
##P##..P...~~# ##
#..


You could see a fire dragon (fast, catching breath), 2 rime drakes and a steam
dragon.

Vanquished Creatures
  A minotaur (Gauntlet)
  A hydra (Lair:3)
  A two-headed ogre (D:7)
  A boulder beetle (Lair:3)
  Amaemon (Lair:2)
  An orb spider (shapeshifter) (Lair:1)
  A rust devil (Gauntlet)
  2 black mambas (Lair:1)
  6 cane toads
  5 rime drakes
  An orange demon (Lair:2)
  A yaktaur (shapeshifter) (D:5)
  2 komodo dragons
  A hornet (D:7)
  2 polar bears
  5 blink frogs (Lair:2)
  A raiju (Gauntlet)
  5 dream sheep (Lair:1)
  A ynoxinul (Gauntlet)
  A wyvern (D:8)
  24 yaks
  11 steam dragons
  A basilisk (Lair:1)
  3 water moccasins
  3 orc warriors
  An ice beast (D:7)
  5 black bears
  2 ogres
  8 wolves
  A phantom (D:6)
  11 bullfrogs
  2 scorpions (D:5)
  5 wights (D:6)
  6 killer bees (D:8)
  5 electric eels
  3 howler monkeys (D:7)
  4 jellies
  A gnoll bouda (D:5)
  2 hounds
  3 orc priests
  3 iron imps (Gauntlet)
  10 orc wizards
  A mummy (D:8)
  9 gnolls (D:5)
  6 adders
  2 shadow imps
  A white imp (D:8)
  3 dart slugs
  29 orcs
  3 bats
  7 endoplasms
  4 giant cockroaches
  12 hobgoblins
  2 jackals (D:4)
  5 quokkas
  5 ball pythons
  6 frilled lizards
  12 goblins
  2 hobgoblin zombies (D:8)
  3 kobolds
  2 orc zombies (D:8)
  9 rats
277 creatures vanquished.

Notes
Turn   | Place    | Note
-------+----------+-------------------------------------------
     0 | D:1      | qw the Gargoyle Fighter began the quest for the Orb.
     0 | D:1      | Reached XP level 1. HP: 14/14 MP: 1/1
     0 | D:1      | 0 ||| qw: Version: 0.2-a-29-gc1b59c4
     0 | D:1      | 0 ||| qw: Game counter: 4480
     0 | D:1      | 0 ||| qw: Always use a shield: true
     0 | D:1      | 0 ||| qw: God list: Okawaru
     0 | D:1      | 0 ||| qw: Allow faded altars: false
     0 | D:1      | 0 ||| qw: Do Orc after D:15 true
     0 | D:1      | 0 ||| qw: Do second Lair branch before Depths: true
     0 | D:1      | 0 ||| qw: Lair rune preference: random
     0 | D:1      | 0 ||| qw: Plans: Normal, Zot:1-4, Slime:5, God:TSO, Crypt,
                  | Tomb, Abyss, Pan, Hells, Win
     0 | D:1      | 0 ||| PLANNING D:1-11
   107 | D:1      | Reached skill level 2 in Axes
   137 | D:1      | 137 ||| Stepping ~*~*~tactically~*~*~ (stealth).
   166 | D:1      | 166 ||| Stepping ~*~*~tactically~*~*~ (stealth).
   170 | D:1      | Reached XP level 2. HP: 19/19 MP: 2/2
   171 | D:1      | 171 ||| Stepping ~*~*~tactically~*~*~ (stealth).
   184 | D:1      | 184 ||| Stepping ~*~*~tactically~*~*~ (stealth).
   191 | D:1      | 191 ||| Stepping ~*~*~tactically~*~*~ (stealth).
   193 | D:1      | 193 ||| Stepping ~*~*~tactically~*~*~ (stealth).
   230 | D:1      | 230 ||| Stepping ~*~*~tactically~*~*~ (hiding).
   381 | D:1      | Reached skill level 3 in Axes
   437 | D:1      | Reached XP level 3. HP: 23/23 MP: 3/3
   708 | D:1      | 708 ||| DROPPING +0 club.
   971 | D:1      | 971 ||| DROPPING orb of mayhem.
   972 | D:1      | 972 ||| UPGRADING to +5 ring of evasion.
   973 | D:1      | 973 ||| READING scroll labelled PUELUSYXEMU.
   976 | D:1      | 976 ||| READING scroll labelled QUANLO OJEA.
   977 | D:1      | 977 ||| READING scroll labelled OZOAMA BIASE.
   978 | D:1      | 978 ||| READING scroll labelled ORIOBUI FAHA.
   995 | D:1      | 995 ||| READING scroll labelled ELLYIL XUQOUTU.
   996 | D:1      | 996 ||| READING scroll labelled UPTED VUALEMU.
  1022 | D:1      | 1022 ||| READING 2 scrolls labelled ESAPPOUMAGH.
  1023 | D:1      | 1023 ||| DRINKING 2 amethyst potions.
  1024 | D:1      | 1024 ||| DROPPING potion of invisibility.
  1159 | D:2      | Reached skill level 4 in Axes
  1159 | D:2      | Reached XP level 4. HP: 24/28 MP: 4/4
  1247 | D:2      | 1247 ||| Stepping ~*~*~tactically~*~*~ (hiding).
  1248 | D:2      | 1248 ||| Stepping ~*~*~tactically~*~*~ (hiding).
  1283 | D:2      | Found a stormy altar of Qazlal.
  1306 | D:2      | 1306 ||| Stepping ~*~*~tactically~*~*~ (stealth).
  1400 | D:2      | 1400 ||| Stepping ~*~*~tactically~*~*~ (stealth).
  1401 | D:2      | 1401 ||| Stepping ~*~*~tactically~*~*~ (stealth).
  1402 | D:2      | 1402 ||| Stepping ~*~*~tactically~*~*~ (stealth).
  1447 | D:2      | 1447 ||| Stepping ~*~*~tactically~*~*~ (stealth).
  1471 | D:2      | 1471 ||| DROPPING +0 whip.
  1484 | D:2      | Reached XP level 5. HP: 32/32 MP: 5/5
  1702 | D:2      | Identified the +1 long sword "Huiviblyorch" {pain, Dex+2}
  1779 | D:2      | 1779 ||| READING scroll labelled DUYNNA MAHODIC.
  1780 | D:2      | 1780 ||| READING 3 scrolls labelled UHEESI QETISOY.
  1781 | D:2      | 1781 ||| READING scroll labelled ELAUVU NEOGG.
  1882 | D:2      | 1882 ||| DRINKING 3 black potions.
  1904 | D:2      | 1904 ||| DROPPING 2 scrolls of noise.
  2359 | D:3      | Found a shadowy altar of Dithmenos.
  2384 | D:3      | Found a blossoming altar of Fedhas.
  2393 | D:3      | Found a shimmering blue altar of Sif Muna.
  2453 | D:3      | Reached skill level 1 in Throwing
  2655 | D:3      | Found a faded altar of an unknown god.
  2661 | D:3      | 2661 ||| DROPPING +0 hat of stealth.
  2662 | D:3      | 2662 ||| UPGRADING to +0 helmet.
  2667 | D:3      | 2667 ||| READING scroll of enchant armour.
  2667 | D:3      | 2667 ||| ENCHANTING +0 helmet.
  2716 | D:4      | 2716 ||| Stepping ~*~*~tactically~*~*~ (stealth).
  2718 | D:4      | 2718 ||| Stepping ~*~*~tactically~*~*~ (hiding).
  2722 | D:4      | 2722 ||| Stepping ~*~*~tactically~*~*~ (hiding).
  2728 | D:4      | Noticed an ogre
  2734 | D:4      | Killed an ogre
  2735 | D:4      | Reached skill level 5 in Axes
  2735 | D:4      | Reached XP level 6. HP: 37/37 MP: 6/6
  2870 | D:4      | Found a glowing golden altar of the Shining One.
  2894 | D:4      | Found an opulent altar of Gozag.
  2950 | D:4      | Found a staircase to the Ecumenical Temple.
  2951 | D:4      | 2951 ||| PLANNING TEMPLE
  2959 | Temple   | Entered the Ecumenical Temple
  2993 | Temple   | 2993 ||| PLANNING D:1-11
  3018 | D:4      | 3018 ||| READING scroll of brand weapon.
  3018 | D:4      | 3018 ||| BRANDING +0 war axe of draining.
  3072 | D:4      | Found a snail-covered altar of Cheibriados.
  3088 | D:4      | 3088 ||| READING 2 scrolls of identify.
  3088 | D:4      | 3088 ||| IDENTIFYING green potion
  3432 | D:4      | Found an iron altar of Okawaru.
  3433 | D:4      | 3433 ||| PLANNING OKAWARU WORSHIP
  3440 | D:4      | Became a worshipper of Warmaster Okawaru
  3440 | D:4      | 3440 ||| PLANNING D:1-11
  3666 | D:5      | Entered Level 5 of the Dungeon
  3681 | D:5      | Found a basalt altar of Yredelemnul.
  3738 | D:5      | 3738 ||| Stepping ~*~*~tactically~*~*~ (hiding).
  3743 | D:5      | Reached skill level 1 in Dodging
  3761 | D:5      | Reached XP level 7. HP: 27/43 MP: 7/7
  3761 | D:5      | 3761 ||| FLEEEEING.
  3762 | D:5      | 3762 ||| FLEEEEING.
  3763 | D:5      | 3763 ||| FLEEEEING.
  3764 | D:5      | 3764 ||| FLEEEEING.
  3765 | D:5      | 3765 ||| FLEEEEING.
  3766 | D:5      | 3766 ||| FLEEEEING.
  3767 | D:5      | 3767 ||| FLEEEEING.
  3768 | D:5      | 3768 ||| STAIRDANCE
  3867 | D:5      | Reached skill level 6 in Axes
  3963 | D:5      | 3963 ||| Stepping ~*~*~tactically~*~*~ (hiding).
  3967 | D:5      | 3967 ||| Stepping ~*~*~tactically~*~*~ (stealth).
  3978 | D:5      | a gnoll bouda changed into a shapeshifter
  3978 | D:5      | Noticed a shapeshifter (shapeshifter)
  3978 | D:5      | a shapeshifter changed into a yaktaur
  3978 | D:5      | Noticed a yaktaur (shapeshifter)
  3986 | D:5      | Killed a yaktaur
  3986 | D:5      | Reached * piety under Okawaru
  3987 | D:5      | Reached skill level 3 in Throwing
  3987 | D:5      | 3987 ||| INVOKING Heroism.
  3991 | D:5      | Reached skill level 1 in Invocations
  3991 | D:5      | Reached XP level 8. HP: 20/48 MP: 5/8
  4119 | D:5      | 4119 ||| READING scroll of enchant armour.
  4119 | D:5      | 4119 ||| ENCHANTING +1 helmet.
  4127 | D:5      | 4127 ||| INVOKING Heroism.
  4163 | D:5      | Found a stormy altar of Qazlal.
  4267 | D:5      | Found Omeffic's Jewellery Shoppe.
  4274 | D:5      | 4274 ||| SHOPLISTING +4 ring of slaying (1092 gold, have
                  | 380).
  4274 | D:5      | 4274 ||| SHOPLISTING amulet of the acrobat (420 gold, have
                  | 380).
  4274 | D:5      | 4274 ||| SHOPLISTING ring "Wiruzopo" {rN+ SInv} (436 gold,
                  | have 380).
  4274 | D:5      | 4274 ||| BUYING ring of fire (350 gold).
  4274 | D:5      | Bought a ring of fire for 350 gold pieces
  4274 | D:5      | 4274 ||| SHOPLISTING ring of protection from fire (350
                  | gold, have 30).
  4319 | D:5      | Noticed a yak
  4322 | D:5      | Noticed a yak
  4323 | D:5      | Noticed a yak
  4323 | D:5      | Noticed a yak
  4325 | D:5      | Noticed a yak
  4326 | D:5      | Noticed a yak
  4327 | D:5      | Killed a yak
  4331 | D:5      | Killed a yak
  4332 | D:5      | Reached skill level 7 in Axes
  4332 | D:5      | Reached skill level 3 in Invocations
  4338 | D:5      | 4338 ||| INVOKING Heroism.
  4341 | D:5      | Killed a yak
  4351 | D:5      | Killed a yak
  4351 | D:5      | Reached ** piety under Okawaru
  4354 | D:5      | Killed a yak
  4355 | D:5      | Reached XP level 9. HP: 37/55 MP: 9/12
  4359 | D:5      | Reached skill level 8 in Axes
  4681 | D:5      | Found a sacrificial altar of Ru.
  4724 | D:5      | 4724 ||| UPGRADING to +2 pair of boots.
  4729 | D:5      | 4729 ||| UPGRADING to amulet of reflection.
  4734 | D:5      | 4734 ||| DRINKING 2 golden potions.
  4735 | D:5      | 4735 ||| READING 2 scrolls of identify.
  4735 | D:5      | 4735 ||| IDENTIFYING grey potion
  4767 | D:6      | 4767 ||| Stepping ~*~*~tactically~*~*~ (stealth).
  4769 | D:6      | 4769 ||| Stepping ~*~*~tactically~*~*~ (hiding).
  4771 | D:6      | 4771 ||| Stepping ~*~*~tactically~*~*~ (hiding).
  4778 | D:6      | 4778 ||| INVOKING Heroism.
  4863 | D:6      | Found Omamahoph's Magic Scroll Shop.
  4866 | D:6      | 4866 ||| SHOPLISTING 2 scrolls of teleportation (84 gold,
                  | have 58).
  4866 | D:6      | 4866 ||| BUYING scroll of identify (28 gold).
  4866 | D:6      | Bought a scroll of identify for 28 gold pieces
  4866 | D:6      | 4866 ||| SHOPLISTING scroll of teleportation (42 gold, have
                  | 30).
  4893 | D:6      | Reached skill level 6 in Fighting
  4943 | D:6      | Found an ornate altar of the Wu Jian Council.
  4960 | D:6      | 4960 ||| Stepping ~*~*~tactically~*~*~ (stealth).
  4976 | D:6      | 4976 ||| DROPPING +0 hand axe.
  5030 | D:6      | Found Tufe's Magic Scroll Boutique.
  5049 | D:6      | 5049 ||| SHOPLISTING scroll of brand weapon (123 gold, have
                  | 54).
  5049 | D:6      | 5049 ||| BUYING scroll of identify (26 gold).
  5049 | D:6      | Bought a scroll of identify for 26 gold pieces
  5290 | D:6      | 5290 ||| INVOKING Heroism.
  5330 | D:6      | 5330 ||| Stepping ~*~*~tactically~*~*~ (hiding).
  5335 | D:6      | 5335 ||| DRINKING potion of curing.
  5335 | D:6      | 5335 ||| (to cure confusion)
  5355 | D:6      | Reached skill level 9 in Axes
  5399 | D:6      | 5399 ||| UPGRADING to +0 pair of gloves.
  5404 | D:6      | 5404 ||| READING scroll labelled HIUSEU FISIALI.
  5405 | D:6      | 5405 ||| DRINKING 2 fizzy brown potions.
  5406 | D:6      | 5406 ||| DROPPING potion of degeneration.
  5455 | D:7      | 5455 ||| INVOKING Heroism.
  5509 | D:7      | 5509 ||| INVOKING Heroism.
  5528 | D:7      | 5528 ||| INVOKING Heroism.
  5598 | D:7      | a sky beast changed into a hornet
  5598 | D:7      | Noticed a hornet
  5599 | D:7      | Killed a hornet
  5599 | D:7      | Reached *** piety under Okawaru
  5610 | D:7      | Noticed a two-headed ogre
  5613 | D:7      | 5613 ||| INVOKING Heroism.
  5617 | D:7      | Killed a two-headed ogre
  5618 | D:7      | Reached XP level 10. HP: 63/63 MP: 10/13
  5643 | D:7      | 5643 ||| INVOKING Heroism.
  5650 | D:7      | Reached skill level 10 in Axes
  5912 | D:7      | 5912 ||| UPGRADING to +0 chain mail.
  5922 | D:7      | 5922 ||| DROPPING +0 scale mail.
  5923 | D:7      | 5923 ||| READING scroll labelled POSAGR HYAMACK.
  5924 | D:7      | 5924 ||| READING scroll labelled LEHUPN ZEOTTALL.
  5924 | D:7      | Identified a scroll of acquirement
  5924 | D:7      | 5924 ||| ACQUIRING ring "Kiczuxont" {Drain Will+ Dex+6}
  5924 | D:7      | Acquired the ring "Kiczuxont" {Drain Will+ Dex+6}
  5926 | D:7      | 5926 ||| UPGRADING to ring "Kiczuxont" {Drain Will+ Dex+6}.
  5927 | D:7      | 5927 ||| READING 8 scrolls of identify.
  5927 | D:7      | 5927 ||| IDENTIFYING sapphire potion
  5991 | D:8      | 5991 ||| Stepping ~*~*~tactically~*~*~ (stealth).
  5992 | D:8      | 5992 ||| Stepping ~*~*~tactically~*~*~ (stealth).
  5994 | D:8      | 5994 ||| Stepping ~*~*~tactically~*~*~ (stealth).
  5999 | D:8      | Reached **** piety under Okawaru
  6013 | D:8      | 6013 ||| INVOKING Heroism.
  6029 | D:8      | Found a staircase to the Lair.
  6094 | D:8      | 6094 ||| Stepping ~*~*~tactically~*~*~ (hiding).
  6095 | D:8      | 6095 ||| Stepping ~*~*~tactically~*~*~ (hiding).
  6207 | D:8      | 6207 ||| INVOKING Heroism.
  6422 | D:8      | Found a sparkling altar of Nemelex Xobeh.
  6425 | D:8      | Found a shimmering altar of Xom.
  6451 | D:8      | 6451 ||| INVOKING Heroism.
  6452 | D:8      | 6452 ||| Stepping ~*~*~tactically~*~*~ (cloud).
  6454 | D:8      | 6454 ||| Stepping ~*~*~tactically~*~*~ (hiding).
  6455 | D:8      | 6455 ||| Stepping ~*~*~tactically~*~*~ (cloud).
  6495 | D:8      | Reached skill level 6 in Armour
  6497 | D:8      | 6497 ||| INVOKING Heroism.
  6626 | D:8      | 6626 ||| INVOKING Heroism.
  6632 | D:8      | 6632 ||| Stepping ~*~*~tactically~*~*~ (hiding).
  6669 | D:8      | Found a hide-covered altar of Uskayaw.
  6851 | D:8      | 6851 ||| Stepping ~*~*~tactically~*~*~ (stealth).
  7118 | D:8      | 7118 ||| PLANNING LAIR
  7118 | D:8      | 7118 ||| DROPPING +6 ring of intelligence.
  7157 | Lair:1   | Entered Level 1 of the Lair of Beasts
  7169 | Lair:1   | Noticed a black mamba
  7170 | Lair:1   | 7170 ||| INVOKING Heroism.
  7177 | Lair:1   | Killed a black mamba
  7201 | Lair:1   | 7201 ||| INVOKING Heroism.
  7291 | Lair:1   | 7291 ||| INVOKING Heroism.
  7297 | Lair:1   | Reached XP level 11. HP: 37/68 MP: 11/14
  7298 | Lair:1   | Reached skill level 11 in Axes
  7441 | Lair:1   | 7441 ||| INVOKING Heroism.
  7488 | Lair:1   | 7488 ||| Stepping ~*~*~tactically~*~*~ (stealth).
  7489 | Lair:1   | 7489 ||| Stepping ~*~*~tactically~*~*~ (stealth).
  7493 | Lair:1   | 7493 ||| Stepping ~*~*~tactically~*~*~ (stealth).
  7542 | Lair:1   | 7542 ||| INVOKING Heroism.
  7543 | Lair:1   | 7543 ||| Stepping ~*~*~tactically~*~*~ (stealth).
  7549 | Lair:1   | Reached skill level 6 in Invocations
  7551 | Lair:1   | Reached skill level 3 in Dodging
  7688 | Lair:1   | a yak changed into a glowing shapeshifter
  7688 | Lair:1   | Noticed a glowing shapeshifter (glowing shapeshifter)
  7688 | Lair:1   | a glowing shapeshifter changed into a slime creature
  7692 | Lair:1   | a slime creature changed into an orb spider
  7692 | Lair:1   | Noticed an orb spider (glowing shapeshifter)
  7693 | Lair:1   | Killed an orb spider
  7861 | Lair:1   | 7861 ||| UPGRADING to +0 plate armour.
  7871 | Lair:1   | 7871 ||| DROPPING +0 chain mail.
  7872 | Lair:1   | 7872 ||| DRINKING 2 brown potions.
  7873 | Lair:1   | 7873 ||| READING 10 scrolls of identify.
  7873 | Lair:1   | 7873 ||| IDENTIFYING inky potion
  7881 | Lair:2   | 7881 ||| PLANNING GAUNTLET
  7923 | Lair:2   | 7923 ||| Stepping ~*~*~tactically~*~*~ (hiding).
  7934 | Lair:2   | 7934 ||| INVOKING Heroism.
  7945 | Lair:2   | 7945 ||| Stepping ~*~*~tactically~*~*~ (stealth).
  7947 | Lair:2   | 7947 ||| Stepping ~*~*~tactically~*~*~ (stealth).
  7954 | Lair:2   | Reached ***** piety under Okawaru
  8025 | Lair:2   | 8025 ||| INVOKING Heroism.
  8052 | Lair:2   | 8052 ||| INVOKING Heroism.
  8072 | Lair:2   | 8072 ||| INVOKING Heroism.
  8211 | Lair:2   | 8211 ||| INVOKING Heroism.
  8256 | Lair:2   | 8256 ||| INVOKING Heroism.
  8284 | Lair:2   | 8284 ||| Stepping ~*~*~tactically~*~*~ (stealth).
  8286 | Lair:2   | 8286 ||| Stepping ~*~*~tactically~*~*~ (stealth).
  8290 | Lair:2   | 8290 ||| INVOKING Heroism.
  8307 | Lair:2   | Reached skill level 9 in Fighting
  8307 | Lair:2   | Reached skill level 9 in Invocations
  8307 | Lair:2   | Reached XP level 12. HP: 63/76 MP: 16/18
  8325 | Lair:2   | 8325 ||| Stepping ~*~*~tactically~*~*~ (stealth).
  8338 | Lair:2   | 8338 ||| INVOKING Heroism.
  8391 | Lair:2   | Found a gate leading to a gauntlet.
  8392 | Lair:2   | 8392 ||| DROPPING ring of magical power.
  8393 | Lair:2   | 8393 ||| DRINKING 2 fizzy grey potions.
  8394 | Lair:2   | 8394 ||| DROPPING potion of brilliance.
  8403 | Gauntlet | Entered a Gauntlet
  8403 | Gauntlet | Found a transporter.
  8412 | Gauntlet | Found a transporter.
  8415 | Gauntlet | Found a transporter.
  8416 | Gauntlet | Found a transporter.
  8422 | Gauntlet | Found a runed translucent gate.
  8422 | Gauntlet | Found a runed translucent gate.
  8422 | Gauntlet | Found a runed translucent gate.
  8424 | Gauntlet | Found a transporter.
  8427 | Gauntlet | Found a transporter.
  8428 | Gauntlet | Found a transporter.
  8437 | Gauntlet | Found a transporter.
  8440 | Gauntlet | Found a transporter.
  8441 | Gauntlet | Found a transporter.
  8449 | Gauntlet | Found a transporter.
  8453 | Gauntlet | Found a transporter.
  8454 | Gauntlet | Found a transporter.
  8465 | Gauntlet | Found a transporter.
  8543 | Gauntlet | 8543 ||| INVOKING Heroism.
  8550 | Gauntlet | Received a gift from Okawaru
  8602 | Gauntlet | 8602 ||| READING 10 scrolls of identify.
  8602 | Gauntlet | 8602 ||| IDENTIFYING fizzy cyan potion
  8603 | Gauntlet | 8603 ||| DRINKING potion of experience.
  8603 | Gauntlet | Reached skill level 12 in Axes
  8603 | Gauntlet | Reached XP level 13. HP: 80/80 MP: 19/21
  8644 | Gauntlet | 8644 ||| DRINKING 2 potions of cancellation.
  8794 | Gauntlet | Noticed a minotaur
  8795 | Gauntlet | 8795 ||| INVOKING Heroism.
  8811 | Gauntlet | HP: 9/80 [minotaur/+2 great mace of holy wrath (13)]
  8812 | Gauntlet | 8812 ||| DRINKING potion of heal wounds.
  8815 | Gauntlet | Killed a minotaur
  8816 | Gauntlet | Reached skill level 9 in Armour
  8987 | Gauntlet | 8987 ||| READING 2 scrolls labelled QIMMOIM VATU LYNG.
  8988 | Gauntlet | 8988 ||| DROPPING scroll of revelation.
  9001 | Lair:2   | 9001 ||| PLANNING LAIR
  9025 | Lair:2   | Reached skill level 6 in Shields
  9338 | Lair:2   | Noticed Amaemon
  9341 | Lair:2   | 9341 ||| Stepping ~*~*~tactically~*~*~ (hiding).
  9364 | Lair:2   | Killed Amaemon
  9643 | Lair:3   | Found a staircase to the Snake Pit.
  9671 | Lair:3   | Found a white marble altar of Elyvilon.
  9754 | Lair:3   | 9754 ||| INVOKING Heroism.
  9817 | Lair:3   | 9817 ||| Stepping ~*~*~tactically~*~*~ (stealth).
  9819 | Lair:3   | 9819 ||| Stepping ~*~*~tactically~*~*~ (stealth).
  9823 | Lair:3   | 9823 ||| Stepping ~*~*~tactically~*~*~ (stealth).
  9853 | Lair:3   | 9853 ||| INVOKING Heroism.
 10098 | Lair:3   | Found a staircase to the Shoals.
 10171 | Lair:3   | 10171 ||| READING scroll of enchant armour.
 10171 | Lair:3   | 10171 ||| ENCHANTING +0 pair of gloves.
 10190 | Lair:3   | 10190 ||| INVOKING Heroism.
 10327 | Lair:3   | 10327 ||| DROPPING ring of fire.
 10351 | Lair:4   | 10351 ||| INVOKING Heroism.
 10353 | Lair:4   | 10353 ||| Stepping ~*~*~tactically~*~*~ (cloud).
 10365 | Lair:4   | Received a gift from Okawaru
 10371 | Lair:4   | Noticed a fire dragon
 10388 | Lair:4   | Killed from afar by a fire dragon

Levels and vault maps discovered:
D:1:      wheals_arrival_linesprint, layout_loops_ring
D:2:      cheibrodos_greedy_goblins, layout_basic, basic_altar,
          kennysheep_potato
D:3:      layout_basic, fedhas_altar_1, overflow_temple_1_default,
          lemuel_doored_altar, chequers_ecumenical_altar_simple,
          serial_park_tiny_1
D:4:      layout_basic, mainiacjoe_overflow_alcove_1, amcnicky_altar_gilded,
          mainiacjoe_overflow_alcove_2, nicolae_overflow_crystal_walls,
          minmay_temple_entry_ruins, minmay_unequal
D:5:      layout_loops_cross, mainiacjoe_overflow_brackets, kennysheep_mini,
          mainiacjoe_overflow_alcove_4, serial_shops, nicolae_shop_waterfront
D:6:      layout_basic, nzn_wu_jian_contemplation, serial_shops, shop,
          nicolae_shop_rolled_up
D:7:      layout_rooms
D:8:      layout_gridville, eat_drink_and_be_merry_uskayaw,
          chequers_temple_overflow_statue_of_worship, david_lair_generic,
          minmay_mini_ossuary
Temple:   hellmonk_temple_of_storms
Lair:1:   layout_big_grid, minivault_11, grunt_megastairs_1
Lair:2:   statuecave_lemuel, layout_regular_city, gauntlet_entry_generic,
          uniq_amaemon
Lair:3:   layout_concentric_octagons, elwin_shoals_entry_rocks,
          dummy_snake_entry, basic_altar, beast_lair_carwin_9,
          serial_bayou_shore_a
Lair:4:   layout_long_grid, slime_entry_1, basic_altar, bobbens_dragon_lair_wall

Skill      XL: |  1  2  3  4  5  6  7  8  9 10 11 12 13 |
---------------+----------------------------------------+-----
Axes           | 2 3 4 5 6 7 9 10 11 12 | 12.8
Throwing       | 1 3 4 5 |  5.0
Fighting       | 4 5 7 8 9 10 | 10.0
Dodging        | 1 2 3 |  3.0
Invocations    | 1 4 5 9 11 | 11.5
Shields        | 4 5 6 |  6.0
Armour         | 4 6 8 9 |  9.0

Action                     |  1- 3 |  4- 6 |  7- 9 | 10-12 | 13-15 || total
---------------------------+-------+-------+-------+-------+-------++-------
  Melee: War axe           |    90 |   133 |   150 |   223 |   158 ||   754
  Throw: Javelin           |       |    22 |    39 |    71 |    20 ||   152
         Boomerang         |       |       |     9 |    10 |       ||    19
 Invoke: Heroism           |       |       |     9 |    20 |     5 ||    34
    Use: Scroll            |     7 |     6 |     3 |     5 |     2 ||    23
         Potion            |     1 |     1 |     3 |     3 |     2 ||    10
   Stab: Paralysed         |       |       |       |     1 |     2 ||     3
         Petrifying        |       |       |       |       |     1 ||     1
 Armour: Scale mail        |    44 |    45 |    44 |     2 |       ||   135
         Chain mail        |       |       |       |    49 |       ||    49
         Plate armour      |       |       |       |    21 |    75 ||    96
  Dodge: Dodged            |    29 |    93 |    86 |   139 |    74 ||   421
  Block: Buckler           |    10 |    30 |    47 |   133 |    56 ||   276
         Reflection        |       |       |       |     3 |       ||     3

Table legend:
 A = Non-vault XP
 B = Vault XP
 C = Vault XP percentage of total XP
 D = Non-vault monster count
 E = Vault monster count
 F = Vault count percentage of total count
                 A         B        C        D         E       F
            +---------+---------+-------+---------+---------+-------
      Total |   21617 |    8111 |  27.3 |     226 |      51 |  18.4
            +---------+---------+-------+---------+---------+-------
        D:1 |      54 |       0 |   0.0 |      34 |       0 |   0.0
        D:2 |     112 |      22 |  16.4 |      21 |      11 |  34.4
        D:3 |      35 |       0 |   0.0 |      11 |       0 |   0.0
        D:4 |     248 |       1 |   0.4 |      12 |       1 |   7.7
        D:5 |    2136 |       0 |   0.0 |      26 |       0 |   0.0
        D:6 |     756 |       0 |   0.0 |      17 |       0 |   0.0
        D:7 |    2211 |       0 |   0.0 |      21 |       0 |   0.0
        D:8 |    1188 |     709 |  37.4 |      23 |       9 |  28.1
     Lair:1 |    5291 |     286 |   5.1 |      24 |       2 |   7.7
     Lair:2 |    7603 |    1139 |  13.0 |      30 |       2 |   6.2
     Lair:3 |    1983 |     984 |  33.2 |       7 |       6 |  46.2
     Lair:4 |       0 |    2547 | 100.0 |       0 |      11 | 100.0
   Gauntlet |       0 |    2423 | 100.0 |       0 |       9 | 100.0
            +---------+---------+-------+---------+---------+-------
